 Dungeon Crawl Stone Soup version 0.30.0-5-g1a98f26d00 (webtiles) character file.

Game seed: 8590353619524793749

476 dialectric the Slasher (level 7, -9/53 HPs)
             Began as a Djinni Chaos Knight on May 9, 2023.
             Was a Plaything of Xom.
             Mangled by a gnoll
             ... wielding a +2 flail of protection
              (14 damage)
             ... on level 4 of the Dungeon.
             The game lasted 00:04:00 (3937 turns).

dialectric the Slasher (Djinni Chaos Knight)        Turns: 3937, Time: 00:04:00

Health: -9/53      AC:  9    Str: 23    XL:     7   Next: 32%
Gold:   165        EV: 12    Int: 13    God:    Xom [*.....] SH:  0 Dex: 11

rFire   + + .        a - +0 falchion (chaos)
rCold   x . .        (no shield)
rNeg    . . .        b - +2 leather armour
rPois   ∞            (no helmet)
rElec   .            s - scarf {repulsion}
rCorr   .            (no gloves)
SInv    .            (boots unavailable)
Will    .....        (no amulet)
Stlth   +            q - +6 ring of strength
HPRegen 0.28/turn    p - +4 ring of protection
MPRegen 0.00/turn

%: repel missiles, infuse magic (-10 HP)
@: flying
A: sickness immunity, fire resistance 2, cold vulnerability 1, float, innate
caster, HP casting, extra vitality 1, strong 1, subdued magic 1
a: Renounce Religion


You were on level 4 of the Dungeon.
You worshipped Xom.
You were a special plaything of Xom.
You visited 1 branch of the dungeon, and saw 4 of its levels.

You collected 165 gold pieces.

Inventory:

Hand Weapons
 a - a +0 falchion of chaos (weapon)
Missiles
 w - 5 atropa-tipped darts
Armour
 b - a +2 leather armour (worn)
 s - a scarf of repulsion (worn)
 u - the +1 robe of Ceig {Int+3}
   (Xom gifted it to you on level 4 of the Dungeon)

   Int:       It affects your intelligence (+3).
Jewellery
 n - a ring of protection from cold
 p - a +4 ring of protection (right hand)
 q - a +6 ring of strength (left hand)
 v - an amulet of faith
Scrolls
 d - a scroll of noise {unknown}
 e - 5 scrolls of identify
 g - a scroll of enchant armour {unknown}
 h - a scroll of poison {unknown}
 i - 3 scrolls of enchant weapon {unknown}
 o - a scroll of brand weapon {unknown}
 x - a scroll of torment {unknown}
 y - a scroll of fear {unknown}
 z - a scroll of immolation {unknown}
Potions
 f - 3 potions of brilliance {unknown}
 j - a potion of berserk rage {unknown}
 k - 2 potions of haste {unknown}
 l - a potion of heal wounds {unknown}
 r - 2 potions of curing
 t - a potion of resistance {unknown}
 A - a potion of magic {unknown}
 B - a potion of mutation {unknown}
Miscellaneous
 c - a piece from Xom's chessboard (15/15) (quivered)


   Skills:
 + Level 4.3 Fighting
 + Level 5.6 Long Blades
 + Level 2.7 Armour
 + Level 3.1 Dodging
 - Level 0.3 Stealth


You knew the following spells:

 Your Spells              Type           Power      Damage    Failure   Level
a - Apportation           Tloc           0%         N/A       30%         1
b - Call Imp              Summ           0%         N/A       43%         2
c - Mephitic Cloud        Conj/Pois/Air  0%         N/A       67%         3
Your spell library was empty.

Dungeon Overview and Level Annotations

Branches:
Dungeon (4/15)             Temple (0/1) D:4

Altars:
Fedhas


Innate Abilities, Weirdness & Mutations

You are immune to sickness and miasma.
You are immune to poison.
Your flesh is very heat resistant. (rF++)
You are vulnerable to cold. (rC-)
You float through the air rather than walking.
You learn spells naturally, not from books.
Your magical power is your life essence.
You have superior vitality. (+4 MHP)
Your muscles are strong. (Str +4, Int/Dex -1)
Your spells are a little easier to cast, but a little less powerful.


Message History

The gnoll hits you with a +2 flail of protection!
The gnoll closely misses you.
There is a stone staircase leading up here.
Unknown command.
Unknown command.
You hit the gnoll but do no damage. The gnoll closely misses you.
You closely miss the gnoll. The gnoll barely misses you.
You barely miss the gnoll.
The gnoll hits you with a +2 flail of protection.
You closely miss the gnoll. The gnoll barely misses you.
You closely miss the gnoll.
The gnoll hits you with a +2 flail of protection.
You hit the gnoll but do no damage.
The gnoll suddenly seems more agile.
The gnoll hits you but does no damage.
You hit the gnoll but do no damage. The gnoll closely misses you.
You closely miss the gnoll. The gnoll hits you but does no damage.
You miss the gnoll. The gnoll barely misses you.
You barely miss the gnoll.
The gnoll hits you with a +2 flail of protection.
You hit the gnoll.
The gnoll is moderately wounded.
The gnoll barely misses you.
You hit the gnoll.
The gnoll is heavily wounded.
The gnoll hits you with a +2 flail of protection.
You hit the gnoll but do no damage.
The gnoll is poisoned.
The gnoll is heavily wounded.
The gnoll hits you with a +2 flail of protection!
* * * LOW HITPOINT WARNING * * *
You hit the gnoll but do no damage.
The gnoll is heavily wounded.
The gnoll hits you with a +2 flail of protection!
* * * LOW HITPOINT WARNING * * *
You hit the gnoll but do no damage.
The gnoll is almost dead.
The gnoll misses you.
You hit the gnoll but do no damage.
The gnoll seems to grow stronger.
The gnoll is almost dead.
The gnoll hits you with a +2 flail of protection!
You die...

###.#.##.....##.##.##
#.....##.....##.##.##
#.#.#.#...†..##.##.##
#.#.#.#.##.####......
#.#.#.#.##.# ####.##
#..........# #g#
###........#######g##
#..##.........##.## #
#g@##.#..#.##.##.##
############
#.....#..#.##.##g##
#..........#
##.##.#..#.....g.##
#.###..###^#
#.##.#..####.#####
#.###..###.#
#....g.......# #
..<.....##.#
#######.###### #
#.###...##.# #...# #
#..........#### #...#
## #######.......#
#...# ###.


You could see a gnoll (strong, agile, very poisoned).

Vanquished Creatures
  A jelly (D:4)
  An orc priest (D:4)
  2 hounds (D:4)
  Natasha (thrice) (D:3)
  Robin (D:3)
  5 gnolls (D:4)
  6 adders
  3 worms
  4 dart slugs
  10 orcs
  5 ball pythons
  4 endoplasms
  2 giant cockroaches
  16 goblins
  8 hobgoblins
  7 kobolds
  3 quokkas
  4 bats
  A frilled lizard (D:1)
  2 rats
88 creatures vanquished.

Notes
Turn   | Place    | Note
-------+----------+-------------------------------------------
     0 | D:1      | dialectric the Djinni Chaos Knight began the quest for the
                  | Orb.
     0 | D:1      | Reached XP level 1. HP: 20/20 MP: 0/0
    72 | D:1      | XOM: silly message
    74 | D:1      | XOM: silly message
   144 | D:1      | XOM: silly message
   145 | D:1      | Reached skill level 3 in Long Blades
   145 | D:1      | Reached XP level 2. HP: 25/25 MP: 0/0
   218 | D:1      | XOM: silly message
   260 | D:1      | XOM: silly message
   594 | D:1      | Reached XP level 3. HP: 30/30 MP: 0/0
   594 | D:1      | Learned a level 1 spell: Apportation
   672 | D:1      | XOM: silly message
   776 | D:1      | XOM: silly message
   825 | D:1      | XOM: divination: detect items
  1224 | D:2      | XOM: noise
  1233 | D:2      | XOM: cast spell 'Call Canine Familiar'
  1345 | D:2      | XOM: confuse monster(s)
  1981 | D:3      | Reached XP level 4. HP: 35/35 MP: 0/0
  2059 | D:3      | XOM: cast spell 'Chain of Chaos'
  2068 | D:3      | XOM: give mutations
  2068 | D:3      | Gained mutation: Your muscles are strong. (Str +4, Int/Dex
                  | -1) [Xom's mischief]
  2068 | D:3      | Gained mutation: Your spells are a little easier to cast,
                  | but a little less powerful. [Xom's mischief]
  2108 | D:3      | Reached skill level 4 in Long Blades
  2248 | D:3      | XOM: confuse monster(s)
  2255 | D:3      | Reached XP level 5. HP: 40/40 MP: 0/0
  2255 | D:3      | Learned a level 2 spell: Call Imp
  2262 | D:3      | Noticed Natasha
  2273 | D:3      | Killed Natasha
  2326 | D:3      | XOM: draining
  2393 | D:3      | Noticed Robin
  2415 | D:3      | Killed Robin
  2568 | D:3      | Noticed Natasha
  2578 | D:3      | Killed Natasha
  2579 | D:3      | Reached XP level 6. HP: 33/45 MP: 0/0
  2629 | D:3      | Noticed Natasha
  2641 | D:3      | Killed Natasha
  2840 | D:3      | XOM: god gift: scarf of repulsion
  2922 | D:4      | Found a staircase to the Ecumenical Temple.
  2928 | D:4      | XOM: potion effect (invisibility)
  3011 | D:4      | XOM: potion effect (brilliance)
  3015 | D:4      | XOM: polymorph orc -> bat
  3159 | D:4      | Identified the +1 robe of Ceig {Int+3} (Xom gifted it to
                  | you on level 4 of the Dungeon)
  3159 | D:4      | XOM: god gift: +1 robe of Ceig {Int+3}
  3182 | D:4      | XOM: draining
  3220 | D:4      | Found a blossoming altar of Fedhas.
  3307 | D:4      | XOM: divination: magic mapping
  3313 | D:4      | Reached skill level 5 in Long Blades
  3327 | D:4      | Reached XP level 7. HP: 27/50 MP: 0/0
  3327 | D:4      | Learned a level 3 spell: Mephitic Cloud
  3347 | D:4      | XOM: 4-stop teleportation journey
  3388 | D:4      | XOM: god gift: 5 atropa-tipped darts
  3919 | D:3      | XOM: summons 3 hostile shadow creatures
  3937 | D:4      | Mangled by a gnoll

Illustrated notes

Levels and vault maps discovered:
D:1:      saegor_arrival_miasma, layout_basic
D:2:      layout_loops_corners, amethyst_killhole, minivault_26
D:3:      layout_rooms, serial_rivers, chequers_serial_rivers_marsh,
          chequers_serial_rivers_room_b, chequers_serial_rivers_micro_d,
          chequers_serial_rivers_small_a, chequers_serial_rivers_micro_e,
          grunt_decor_resistance, grunt_decor_mini_mirrors,
          nicolae_concentric_dashed_squares_wild, uniq_natasha, uniq_robin
D:4:      layout_loops_cross, mainiacjoe_overflow_brackets,
          minmay_temple_entry_statues_fountains

Skill      XL: |  1  2  3  4  5  6 |
---------------+-------------------+-----
Long Blades    | 3 4 5 |  5.6
Armour         | 2 |  2.7
Fighting       | 4 |  4.3
Dodging        | 3 |  3.1
Stealth        | |  0.3

Action                     |  1- 3 |  4- 6 |  7- 9 || total
---------------------------+-------+-------+-------++-------
  Melee: Falchion          |    76 |   197 |    66 ||   339
         Punch             |       |     1 |     1 ||     2
  Evoke: Piece from Xom's  |       |     1 |     1 ||     2
    Use: Scroll            |       |       |     2 ||     2
   Stab: Invisible         |       |     1 |       ||     1
 Armour: Leather armour    |    24 |    65 |    18 ||   107
  Dodge: Dodged            |    37 |   102 |    29 ||   168
